 Dungeon Crawl Stone Soup version 0.29-a0-321-gf1c400731a (webtiles) character file.

Game seed: 16207180890589451247

18 jlumianski the Skirmisher (level 2, -6/24 HPs)
             Began as a Demonspawn Fighter on Apr 5, 2022.
             Mangled by a gnoll
             ... wielding a +0 halberd
              (15 damage)
             ... on level 3 of the Dungeon.
             The game lasted 00:03:35 (816 turns).

jlumianski the Skirmisher (Demonspawn Fighter)       Turns: 816, Time: 00:03:36

Health: -6/24      AC:  6    Str: 16    XL:     2   Next: 48%
Magic:  2/2        EV:  8    Int:  9    God:
Gold:   22         SH:  4    Dex: 12    Spells: 1/1 levels left

rFire   . . .      SeeInvis .   a - +0 war axe
rCold   . . .      Faith    .   c - +0 buckler
rNeg    . . .      Spirit   .   b - +0 scale mail
rPois   .          Reflect  .   (no helmet)
rElec   .          Harm     .   (no cloak)
rCorr   .          Rampage  .   (no gloves)
Will    .....                   (no boots)
Stlth   ..........              (no amulet)
HPRegen 0.08/turn               (no ring)
MPRegen 0.08/turn               (no ring)

@: no status effects
A: spiny 1
a: no special abilities


You were on level 3 of the Dungeon.
You visited 1 branch of the dungeon, and saw 3 of its levels.

You collected 22 gold pieces.

Inventory:

Hand Weapons
 a - a +0 war axe (weapon)
Missiles
 e - 16 stones
 f - 3 boomerangs (quivered)
Armour
 b - a +0 scale mail (worn)
 c - a +0 buckler (worn)
Scrolls
 g - a scroll of identify {unknown}
Potions
 d - a potion of might


   Skills:
 + Level 3.2 Fighting
 + Level 2.1 Axes
 + Level 3.0 Armour
 + Level 2.8 Shields


You had one spell level left.
You didn't know any spells.
Your spell library was empty.

Dungeon Overview and Level Annotations

Branches:
Dungeon (3/15)

Altars:

Shops:
D:1 *:   D:3 !

Annotations:
D:2 Sigmund
D:3 Grinder


Innate Abilities, Weirdness & Mutations

You are partially covered in sharp spines.


Message History

Grinder moves out of view.
Found 23 stones.
Grinder blinks!
The gnoll closely misses you. The gnoll is struck by your spines.
The gnoll hits you with a +0 spear.
The gnoll hits you from afar with a +0 spear.
You barely miss the gnoll.
The gnoll is moderately wounded.
The gnoll closely misses you. The gnoll hits you but does no damage.
The gnoll hits you from afar with a +0 spear.
You block the gnoll's attack.
Grinder blinks!
You hit the gnoll.
The gnoll is moderately wounded.
The gnoll closely misses you.
The gnoll hits you from afar with a +0 spear.
You closely miss the gnoll.
The gnoll is moderately wounded.
The gnoll hits you with a +0 spear. The gnoll closely misses you.
You block the gnoll's attack. The gnoll is struck by your spines.
The gnoll hits you with a +0 spear.
* * * LOW HITPOINT WARNING * * *
The gnoll hits you from afar with a +0 spear.
* * * LOW HITPOINT WARNING * * *
Grinder blinks!
You open the door. The gnoll hits you but does no damage.
Grinder blinks!
Found 25 stones.
Found a stone staircase leading down.
Found 9 gold pieces.
There is an open door here.
As you open the door, it creaks loudly!
Found Tavob's Distillery.
There is an open door here.
There is an entrance to Tavob's Distillery here.
You open the door.
There is an open door here.
A gnoll comes into view. It is wielding a +0 halberd.
The gnoll shouts!
You block the gnoll's attack. The gnoll is struck by your spines.
The gnoll hits you with a +0 halberd!
Ouch! That really hurt!
You die...

##### ### #+# #... # #.. #.#
###.######. #
#.###.###.......... ###
#g'..∩g.'.#....### ..
#.###.######g#.# # #...#.#
#.# # ## #.@g#+## #.# .#
#.....5#####g# .##
#.........##.# ..#
#####.....##g#
#.#################.....##.#
...........§..g...'g....>#.#
......###.#########...(..#.#
##.##†###..................#
#.......#(..........$...####


You could see Grinder and 2 gnolls.

Vanquished Creatures
  An orc (D:3)
  An endoplasm (D:1)
  A giant cockroach (D:3)
  A goblin (D:2)
  A hobgoblin (D:1)
  3 jackals (D:1)
  A kobold (D:1)
  A quokka (D:1)
  A bat (D:1)
  2 frilled lizards
  2 rats (D:1)
15 creatures vanquished.

Vanquished Creatures (others)
  2 plants (D:2)
2 creatures vanquished.

Grand Total: 17 creatures vanquished

Notes
Turn   | Place    | Note
-------+----------+-------------------------------------------
     0 | D:1      | jlumianski the Demonspawn Fighter began the quest for the
                  | Orb.
     0 | D:1      | Reached XP level 1. HP: 18/18 MP: 1/1
   159 | D:1      | Found Ydoff's Assorted Antiques.
   380 | D:1      | Gained mutation: You are partially covered in sharp spines.
                  | [demonic ancestry]
   380 | D:1      | Reached XP level 2. HP: 24/24 MP: 2/2
   382 | D:1      | Found Ralekhac's Book Boutique.
   425 | D:1      | You fall into a shaft and drop 1 floor!
   426 | D:2      | Noticed Sigmund
   765 | D:3      | Noticed Grinder
   805 | D:3      | Found Tavob's Distillery.
   816 | D:3      | Mangled by a gnoll

Illustrated notes

Levels and vault maps discovered:
D:1:      psy_arrival_dodecagon, layout_loops_ring, serial_shops, shop,
          nicolae_diamond_shop, nicolae_shop_waterfront,
          shapermc_ecumenical_altar_gd, minmay_split_cup_small
D:2:      layout_basic, serial_bayou, serial_bayou_shore_b, serial_bayou_pond_e,
          serial_bayou_lagoon_a, serial_bayou_crossing, uniq_sigmund
D:3:      layout_basic, serial_shops, nicolae_shop_hallway_plus, uniq_grinder

Skill      XL: |  1  2 |
---------------+-------+-----
Axes           | 2 |  2.1
Armour         | 3 |  3.0
Fighting       | |  3.2
Shields        | |  2.8

Action                   || total
-------------------------++-------
Melee: War axe           ||    35
Throw: Stone             ||     6
Armor: Scale mail        ||    27
Dodge: Dodged            ||    28
Block: Buckler           ||    15

Table legend: (Time is in decaauts)
 A = Elapsed time spent in this place.
 B = Non-inter-level travel time spent in this place.
 C = Inter-level travel time spent in this place.
 D = Time resting spent in this place.
 E = Time spent auto-exploring this place.
 F = Levels seen in this place.
 G = Mean time per level.
                   A        B        C        D        E       F      G
               +--------+--------+--------+--------+--------+-----+--------+
         Total |    833 |    833 |      0 |    171 |    371 |   3 |  277.7 |
       Dungeon |    833 |    833 |      0 |    171 |    371 |   3 |  277.7 |
               +--------+--------+--------+--------+--------+-----+--------+

Top non-repeatable levels by time:
     D:1: 435 daAuts
     D:3: 347 daAuts
     D:2: 50 daAuts
